 Dungeon Crawl Stone Soup version 0.27.1-33-g824d729ab1 (webtiles) character file.

Game seed: 13125142255810540205

2720 Holzbalken the Spear-Bearer (level 9, -2/61 HPs)
             Began as a Demonspawn Gladiator on Dec 5, 2021.
             Was an Initiate of Qazlal.
             Killed by nerve-wracking pain
             ... invoked by an orc priest
              (14 damage)
             ... on level 8 of the Dungeon.
             The game lasted 00:21:44 (6223 turns).

Holzbalken the Spear-Bearer (Demonspawn Gladiator)  Turns: 6223, Time: 00:21:44

Health: -2/61      AC: 14    Str: 18    XL:     9   Next: 39%
Magic:  13/13      EV: 11    Int: 10    God:    Qazlal [......]
Gold:   295        SH:  4    Dex: 14    Spells: 8/8 levels left

rFire    + . .     SeeInvis .   e - +2 scythe (flame)
rCold    . . .     Faith    .   (shield currently unavailable)
rNeg     . . .     Spirit   .   h - +0 ring mail
rPois    .         Reflect  .   c - +0 helmet
rElec    .         Harm     .   l - +1 cloak
rCorr    +         Rampage  .   n - +0 pair of gloves
Will     .....                  (no boots)
Stlth    +.........             k - amulet of regeneration
HPRegen  1.20/turn              p - ring of resist corrosion
MPRegen  0.13/turn              u - ring of protection from fire

@: no status effects
A: hooves 2, foul stench 1, icemail 1, condensation shield
a: Renounce Religion


You were on level 8 of the Dungeon.
You worshipped Qazlal.
Qazlal was noncommittal.
You visited 2 branches of the dungeon, and saw 9 of its levels.

You collected 295 gold pieces.

Inventory:

Hand Weapons
 e - a +2 scythe of flaming (weapon)
Missiles
 d - 4 throwing nets (quivered)
Armour
 c - a +0 helmet (worn)
 h - a +0 ring mail (worn)
 l - a +1 cloak (worn)
 n - a +0 pair of gloves (worn)
Jewellery
 k - an amulet of regeneration (around neck)
 p - a ring of resist corrosion (left hand)
 u - a ring of protection from fire (right hand)
 x - a ring of fire
Wands
 m - a wand of polymorph (11)
 y - a wand of charming (8)
 z - a wand of iceblast (5)
 A - a wand of digging (3)
 B - a wand of acid (9)
Scrolls
 a - 2 scrolls of magic mapping
 b - 3 scrolls of teleportation {unknown}
 g - 2 scrolls of fear
 j - 3 scrolls of identify
 w - 3 scrolls of immolation
Potions
 f - a potion of attraction
 i - a potion of flight
 o - a potion of might {unknown}
 q - 3 potions of curing
 r - a potion of magic {unknown}
 s - a potion of mutation {unknown}
 t - 2 potions of brilliance {unknown}
 v - a potion of heal wounds {unknown}


   Skills:
 - Level 2.0 Fighting
 * Level 10.7 Polearms
 - Level 1.7 Throwing
 + Level 3.7 Armour
 - Level 2.6 Dodging
 + Level 5.4 Invocations


You had 8 spell levels left.
You didn't know any spells.
Your spell library contained the following spells:

 Spells                   Type           Power      Damage    Failure   Level
 Ignite Poison            Fire/Tmut/Pois 0%         N/A       89%         3
 Mephitic Cloud           Conj/Pois/Air  0%         N/A       89%         3
 Bolt of Magma            Conj/Fire/Erth 0%         4d4       100%        5


Dungeon Overview and Level Annotations

Branches:
Dungeon (8/15)             Temple (1/1) D:5
   Lair: D:8-11

Altars:
Ashenzari
Cheibriados
Dithmenos
Elyvilon
Gozag
Hepliaklqana
Kikubaaqudgha
Makhleb
Nemelex Xobeh
Okawaru
Qazlal
Ru
Sif Muna
Trog
Uskayaw
Vehumet
Wu Jian
Xom
Yredelemnul
Zin
The Shining One


Innate Abilities, Weirdness & Mutations

You have hoof-like feet.
You may rarely emit foul miasma when damaged in melee.
A meltable icy envelope protects you from harm. (AC +4)
A meltable shield of frost defends you. (SH +4)


Message History

The centaur kicks you but does no damage.
The orc hits you but does no damage.
The centaur hits you but does no damage.
The centaur kicks you but does no damage.
The orc priest hits you with a +0 flail.
* * * LOW HITPOINT WARNING * * *
The orc barely misses you. The orc priest barely misses you.
You hear a splashing noise.
The orc splashes around in the water.
The centaur hits you but does no damage.
The centaur barely misses you. The orc priest closely misses you.
The orc hits you but does no damage.
The orc priest hits you but does no damage.
You closely miss the orc priest. You kick the orc priest.
The orc priest is almost dead.
The centaur closely misses you.
The centaur kicks you but does no damage.
Something hits you but does no damage. The orc hits you but does no damage.
The orc priest barely misses you. The orc hits you but does no damage.
The orc priest casts a cantrip, but nothing happens.
You hear a splashing noise.
The centaur hits you.
* * * LOW HITPOINT WARNING * * *
The centaur kicks you but does no damage.
You closely miss the orc priest.
The orc priest is almost dead.
You block the centaur's attack. The centaur closely misses you.
The orc hits you but does no damage. You block the orc priest's attack.
The orc hits you but does no damage.
The orc priest invokes the aid of Beogh against you.
Beogh smites you!
* * * LOW HITPOINT WARNING * * *
You hear some strange, mumbled words.
Something tries to affect you, but you resist.
The centaur closely misses you. The centaur barely misses you.
The orc splashes around in the water.
You feel better.
The orc priest invokes the aid of Beogh against you.
Pain shoots through your body!
You die...

... #.....## ...##
#......#
....#####...#..#
.....<......#... .
............##.. ..
............##..#####...
..########...#..........
.. #.)...coo...## .#
......o@.....# #
.....#o{......#
....##......... .
##........ #........
##.#..... ..#.... ..
#..#


You could see a centaur, 2 orc priests and 2 orcs.

Vanquished Creatures
  The ghost of emdikay the Skirmisher, a novice GrFi (D:5)
  Prince Ribbit (D:5)
  Sigmund (D:4)
  A wyvern (D:7)
  A basilisk (D:7)
  Edmund (D:5)
  2 water moccasins (D:7)
  A sky beast (D:8)
  A necrophage (D:6)
  An ice beast (D:5)
  A black bear (D:5)
  4 bullfrogs
  3 scorpions
  2 water moccasin skeletons
  A howler monkey (D:7)
  A jelly (D:6)
  3 hounds
  2 bullfrog skeletons
  An orc priest (D:4)
  A water moccasin simulacrum (D:5)
  A centaur skeleton (D:6)
  4 iguanas
  A hound zombie (D:5)
  A scorpion simulacrum (D:5)
  7 adders
  2 hound simulacra (D:5)
  2 shadow imps
  3 white imps
  A howler monkey simulacrum (D:5)
  An ufetubus (D:6)
  2 worms
  A dart slug (D:5)
  3 orcs
  3 endoplasms
  6 giant cockroaches
  7 hobgoblins
  3 jackals (D:2)
  2 kobolds
  6 quokkas
  7 ball pythons
  3 bats
  5 frilled lizards
  7 goblins
  3 rats
111 creatures vanquished.

Vanquished Creatures (others)
  12 plants (D:5)
12 creatures vanquished.

Grand Total: 123 creatures vanquished

Notes
Turn   | Place    | Note
-------+----------+-------------------------------------------
     0 | D:1      | Holzbalken the Demonspawn Gladiator began the quest for the
                  | Orb.
     0 | D:1      | Reached XP level 1. HP: 16/16 MP: 1/1
   144 | D:1      | Reached skill level 3 in Polearms
   144 | D:1      | Found a faded altar of an unknown god.
   350 | D:1      | Gained mutation: You have large cloven feet. [demonic
                  | ancestry]
   350 | D:1      | Reached XP level 2. HP: 22/22 MP: 2/2
  1025 | D:2      | Gained mutation: You have hoof-like feet. [demonic
                  | ancestry]
  1025 | D:2      | Reached XP level 3. HP: 27/27 MP: 3/3
  1214 | D:2      | Reached skill level 4 in Polearms
  1509 | D:3      | Noticed a scorpion
  1717 | D:3      | Reached XP level 4. HP: 33/33 MP: 4/4
  1842 | D:2      | Killed a scorpion
  1843 | D:2      | Reached skill level 5 in Polearms
  1843 | D:2      | Gained mutation: You may rarely emit foul miasma when
                  | damaged in melee. [demonic ancestry]
  1843 | D:2      | Reached XP level 5. HP: 10/38 MP: 5/5
  2539 | D:5      | Entered Level 5 of the Dungeon
  2578 | D:4      | Noticed Sigmund
  2588 | D:4      | Killed Sigmund
  2589 | D:4      | Reached skill level 6 in Polearms
  2589 | D:4      | Gained mutation: A meltable shield of frost defends you.
                  | (SH +4) [demonic ancestry]
  2589 | D:4      | Reached XP level 6. HP: 39/44 MP: 6/6
  2672 | D:4      | Reached skill level 7 in Polearms
  2682 | D:4      | Found a sacrificial altar of Ru.
  2987 | D:4      | Reached XP level 7. HP: 50/50 MP: 7/7
  3574 | D:5      | Noticed Edmund
  3591 | D:5      | Killed Edmund
  3592 | D:5      | Reached skill level 8 in Polearms
  3632 | D:5      | Found a runed translucent gate.
  3634 | D:5      | Found a runed translucent gate.
  3635 | D:5      | Found a runed translucent gate.
  3729 | D:5      | Found a staircase to the Ecumenical Temple.
  3740 | Temple   | Entered the Ecumenical Temple
  3814 | Temple   | Became a worshipper of Qazlal Stormbringer
  4218 | D:5      | Noticed Prince Ribbit
  4230 | D:5      | Killed Prince Ribbit
  4231 | D:5      | Reached skill level 9 in Polearms
  4231 | D:5      | Reached XP level 8. HP: 41/56 MP: 8/8
  4355 | D:5      | Noticed emdikay's ghost (novice GrFi)
  4535 | D:5      | Killed emdikay's ghost
  4536 | D:5      | Reached skill level 1 in Armour
  4917 | D:6      | Reached skill level 10 in Polearms
  5407 | D:7      | Gained mutation: A meltable icy envelope protects you from
                  | harm. (AC +4) [demonic ancestry]
  5407 | D:7      | Reached XP level 9. HP: 40/61 MP: 12/12
  5598 | D:7      | Found a sparkling altar of Nemelex Xobeh.
  5861 | D:7      | Reached skill level 5 in Invocations
  6222 | D:8      | HP: 3/61 [orc priest/divine providence (16)]
  6223 | D:8      | Killed from afar by an orc priest

Illustrated notes

Levels and vault maps discovered:
D:1:      giann_wishing_wells, layout_rooms,
          shapermc_ecumenical_altar_totnotflames, minmay_pentomino_z2
D:2:      layout_basic, chequers_mini_garden, nrook_campfire
D:3:      layout_rooms
D:4:      layout_basic, mainiacjoe_overflow_alcove_1, minmay_misc_feat_tower,
          uniq_sigmund
D:5:      layout_loops_ring, minmay_temple_entry_poolview, gammafunk_ghost_icy,
          serial_bayou_pond_c, uniq_edmund, uniq_prince_ribbit1
D:6:      layout_loops_ring, zin_scriptorium
D:7:      layout_loops_ring, nemelex_xobeh_ov_fountains_minmay
D:8:      layout_cave_pods
Temple:   dpeg_five_rooms_temple

Skill      XL: |  1  2  3  4  5  6  7  8  9 |
---------------+----------------------------+-----
Polearms       | 3 4 5 6 7 9 10 | 10.7
Armour         | 2 3 |  3.7
Invocations    | 4 5 |  5.4
Fighting       | |  2.0
Throwing       | |  1.7
Dodging        | |  2.6

Action                   |  1- 3 |  4- 6 |  7- 9 || total
-------------------------+-------+-------+-------++-------
Melee: Trident           |   118 |    76 |    16 ||   210
       Kick              |    17 |    19 |    38 ||    74
       Scythe            |       |       |   163 ||   163
  Use: Scroll            |     6 |     1 |     6 ||    13
       Potion            |       |       |     3 ||     3
Armor: Ring mail         |    33 |    16 |   137 ||   186
       Leather armour    |     1 |       |       ||     1
Dodge: Dodged            |    49 |    32 |   133 ||   214
Block: Other             |       |     5 |    40 ||    45
